 Dungeon Crawl Stone Soup version 0.17.1-3-g152610e (webtiles) character file.

171 moxian the Magician (level 5, -7/28 HPs)
             Began as a Deep Elf Earth Elementalist on Apr 25, 2016.
             Was an Initiate of Vehumet.
             Mangled by a scorpion (8 damage)
             ... on level 5 of the Dungeon.
             The game lasted 00:11:46 (2695 turns).

moxian the Magician (Deep Elf Earth Elementalist)   Turns: 2695, Time: 00:11:46

Health: -7/28      AC:  2    Str:  5    XL:     5   Next: 26%
Magic:  4/13       EV: 13    Int: 21    God:    Vehumet [......]
Gold:   232        SH:  0    Dex: 15    Spells: 2 memorised, 8 levels left

rFire  . . .     SeeInvis .     b - 78 stones
rCold  . . .     Clarity  .     u - +0 robe
rNeg   . . .     SustAt   .     (no shield)
rPois  .         Gourm    .     (no helmet)
rElec  .         Spirit   .     (no cloak)
rCorr  .         Warding  .     (no gloves)
rMut   .         Stasis   .     (no boots)
MR     .....                    (no amulet)
Stlth  +++.......               (no ring)
                                (no ring)

@: lethally poisoned (-7 -> -28), very slightly contaminated, not resistant to
hostile enchantments, fairly stealthy
A: no striking features
a: Renounce Religion


You were on level 5 of the Dungeon.
You worshipped Vehumet.
Vehumet was noncommittal.
You were not hungry.

You visited 1 branch of the dungeon, and saw 6 of its levels.

You collected 232 gold pieces.

Inventory:

Hand Weapons
 a - a +2 short sword of protection
Missiles
 b - 78 stones (in hand)
 s - 9 poisoned bolts
 x - 8 poisoned needles
 y - 4 curare-tipped needles
 B - 6 needles of confusion
 C - 8 javelins
Armour
 u - a +0 robe (worn)
Scrolls
 g - a scroll of amnesia
 h - 3 scrolls of enchant armour {unknown}
 i - 3 scrolls of remove curse
 p - 4 scrolls of identify {unknown}
 t - a scroll of noise {unknown}
 w - a scroll of fear {unknown}
Potions
 e - 3 potions of might {unknown}
 f - 2 potions of poison {unknown}
 j - 2 potions of agility {unknown}
 k - 2 potions of invisibility {unknown}
 l - a potion of ambrosia {unknown}
 n - a potion of heal wounds {unknown}
 o - a potion of beneficial mutation {unknown}
 r - 3 potions of curing {unknown}
 z - a potion of lignification {unknown}
Books
 c - a book of Geomancy

   Spells                             Type                      Level
   a - Sandblast                      Earth                        1
   b - Stoneskin                      Transmutation/Earth          2
   c - Passwall                       Transmutation/Earth          3
   d - Stone Arrow                    Conjuration/Earth            3
   e - Petrify                        Transmutation/Earth          4
   f - Lee's Rapid Deconstruction     Earth                        5
Comestibles
 d - 5 bread rations
 m - 2 meat rations
 q - 6 fruits
 v - 3 royal jellies
 A - 2 chunks of flesh


   Skills:
 + Level 3.2 Dodging
 - Level 3.9 Stealth
 - Level 4.4 Spellcasting
 * Level 2.3 Conjurations
   Level 1.1 Transmutations
 * Level 4.1 Earth Magic


You had 8 spell levels left.
You knew the following spells:

 Your Spells              Type           Power        Failure   Level  Hunger
a - Sandblast             Erth           ###...       1%          1    None
b - Stone Arrow           Conj/Erth      ###...       12%         3    ##.....


Dungeon Overview and Level Annotations

Branches:
Dungeon (6/15)
 Temple: D:4-7

Altars:
Trog
Vehumet

Annotations:
D:3 manyhoops's ghost, amateur DsGl


Message History

Confirm with . or Enter, or press ? or * to list all spells.
Aiming: Sandblast
Press: ? - help, Shift-Dir - straight line, f/p - scorpion
Aim: a scorpion (almost dead)
You miscast Sandblast.
You are very lightly contaminated with residual magic.
Nothing appears to happen.
You feel sick. The scorpion stings you!
* * * LOW HITPOINT WARNING * * *
You are more poisoned.
The scorpion poisons you!
Casting: Sandblast
Confirm with . or Enter, or press ? or * to list all spells.
Aiming: Stone Arrow
Press: ? - help, Shift-Dir - straight line, f/p - scorpion
Aim: a scorpion (almost dead)
The stone arrow hits the scorpion.
The scorpion is almost dead.
* * * LOW HITPOINT WARNING * * *
You feel sick. The scorpion stings you!
You die...

...# #..# #.## ##### +#
'.# #....####.## #.#
#..........# #.#
+..........# ..#
#..........# ..#
#.......s..# #.# #..#
#@# ### #.##
#..####.####.## ...##
##.............#
....#####..............#
.......................#
.......................#
........)..............#
................)......#
#...####.##.####.##...##


You could see a scorpion.

Vanquished Creatures
  A hound (D:5)
  A centaur skeleton (D:5)
  A hound zombie (D:6)
  4 adders
  A worm (D:3)
  2 giant geckos
  An orc (D:3)
  A ball python (D:2)
  4 giant cockroaches
  7 hobgoblins
  4 jackals (D:6)
  2 quokkas
  3 bats (D:1)
  3 giant newts
  3 goblins (D:1)
  9 kobolds
  A quokka zombie (D:5)
  7 rats
55 creatures vanquished.

Notes
Turn   | Place    | Note
--------------------------------------------------------------
     0 | D:1      | moxian the Deep Elf Earth Elementalist began the quest for the Orb.
     0 | D:1      | Reached XP level 1. HP: 10/10 MP: 6/6
   109 | D:1      | Reached XP level 2. HP: 12/15 MP: 5/8
   661 | D:2      | Found a radiant altar of Vehumet.
   988 | D:2      | Reached XP level 3. HP: 19/19 MP: 8/10
   993 | D:2      | Learned a level 3 spell: Stone Arrow
  1492 | D:3      | Reached skill level 4 in Spellcasting
  1592 | D:3      | Reached skill level 1 in Conjurations
  1859 | D:3      | Noticed manyhoops's ghost (amateur DsGl)
  1963 | D:4      | Found a bloodstained altar of Trog.
  2111 | D:2      | Became a worshipper of Vehumet
  2305 | D:4      | You fall through a shaft for 2 floors!
  2315 | D:6      | Reached XP level 4. HP: 21/24 MP: 6/12
  2385 | D:5      | Entered Level 5 of the Dungeon
  2630 | D:5      | Reached XP level 5. HP: 25/28 MP: 10/13
  2695 | D:5      | HP: 1/28 [poisoned by a scorpion]
  2695 | D:5      | Mangled by a scorpion

Action                   |  1- 3 |  4- 6 || total
-------------------------+-------+-------++-------
Melee: Short sword       |     2 |     4 ||     6
 Cast: Sandblast         |    85 |    23 ||   108
       Stone Arrow       |     2 |     2 ||     4
  Use: Scroll            |     5 |       ||     5
 Stab: Sleeping          |       |     3 ||     3
  Eat: Chunk             |     3 |     3 ||     6
